| TOP OF THE 1ST |
|
Madison Brewers batting - Pitching for Palm Beach Nationals : RHP Matt Norris
|
|
Pitching: RHP Matt Norris
|
|
|
Batting: LHB Rick Campbell
|
0-0: Fly out, F4 (Flyball, 4D, EV 91.9 MPH)
|
|
Batting: RHB Drew Forbess
|
0-0: Ball 1-0: Foul Ball, location: 2F 1-1: Foul Ball, location: 2F 1-2: Strikes out looking
|
|
Batting: SHB C.J. Olivares
|
0-0: Ball 1-0: Called Strike 1-1: Ground out 5-3 (Groundball, 56, EV 98.1 MPH)
|
| Top of the 1st over - 0 runs, 0 hits, 0 errors, 0 left on base; Madison 0 - Palm Beach 0 |
| BOTTOM OF THE 1ST |
|
Palm Beach Nationals batting - Pitching for Madison Brewers : LHP Mike Moffett
|
|
Pitching: LHP Mike Moffett
|
|
|
Batting: RHB Bobby Bricker
|
0-0: Foul Ball, location: 2F 0-1: Ball 1-1: Foul Ball, location: 2F 1-2: Ball 2-2: Ball 3-2: Foul Ball, location: 2F 3-2: Ground out 6-3 (Groundball, 6, EV 104.4 MPH)
|
|
Batting: RHB Victor Cintron
|
0-0: Fly out, F8 (Flyball, 78M, EV 80.0 MPH)
|
|
Batting: RHB Gregg Huddleston
|
0-0: Ball 1-0: Ball 2-0: Ball 3-0: Base on Balls
|
|
Batting: RHB Lamar Thornton
|
0-0: Called Strike 0-1: Foul Ball, location: 2F 0-2: Ball 1-2: Ball 2-2: SINGLE (Line Drive, 6D, EV 98.1 MPH) Gregg Huddleston to second
|
|
Batting: RHB Antonio Vallez
|
0-0: Ball 1-0: Called Strike 1-1: Foul Ball, location: 2F 1-2: Strikes out swinging
|
| Bottom of the 1st over - 0 runs, 1 hit, 0 errors, 2 left on base; Madison 0 - Palm Beach 0 |
| TOP OF THE 2ND |
|
Madison Brewers batting - Pitching for Palm Beach Nationals : RHP Matt Norris
|
|
Batting: SHB Jerry Duffy
|
0-0: Swinging Strike 0-1: Swinging Strike 0-2: Ball 1-2: Strikes out swinging
|
|
Batting: RHB Chris Riddel
|
0-0: Ball 1-0: Swinging Strike 1-1: Foul Ball, location: 2F 1-2: Strikes out swinging
|
|
Batting: SHB Ramon Perez
|
0-0: Ground out 6-3 (Groundball, 56, EV 98.1 MPH)
|
| Top of the 2nd over - 0 runs, 0 hits, 0 errors, 0 left on base; Madison 0 - Palm Beach 0 |
| BOTTOM OF THE 2ND |
|
Palm Beach Nationals batting - Pitching for Madison Brewers : LHP Mike Moffett
|
|
Batting: RHB Scott Merritt
|
0-0: Ball 1-0: Ball 2-0: Foul Ball, location: 2F 2-1: Ball 3-1: Base on Balls
|
|
Batting: RHB Jelexiz Cuenca
|
0-0: Foul Ball, location: 2F 0-1: Ball 1-1: Grounds into double play, 4-6-3 (Groundball, 34, EV 85.6 MPH)
|
|
Batting: RHB Jason Ewert
|
0-0: Called Strike 0-1: Ground out 6-3 (Groundball, 56, EV 88.8 MPH)
|
| Bottom of the 2nd over - 0 runs, 0 hits, 0 errors, 0 left on base; Madison 0 - Palm Beach 0 |
| TOP OF THE 3RD |
|
Madison Brewers batting - Pitching for Palm Beach Nationals : RHP Matt Norris
|
|
Batting: RHB Victor Alarcon
|
0-0: Foul Ball, location: 2F 0-1: Foul Ball, location: 2F 0-2: Ball 1-2: Ball 2-2: Fly out, F3 (Popup, 3, EV 85.0 MPH)
|
|
Batting: SHB Aaron Neill
|
0-0: DOUBLE (Line Drive, 89M, EV 108.8 MPH)
|
|
Batting: RHB Justin Marino
|
0-0: Foul Ball, location: 2F 0-1: Ball 1-1: Called Strike 1-2: Ball Wild Pitch! Aaron Neill to third 2-2: Ground out 4-3 (Groundball, 4, EV 108.8 MPH) Aaron Neill scores
|
|
Batting: LHB Rick Campbell
|
0-0: Foul Ball, location: 2F 0-1: Ball 1-1: Ball 2-1: Fly out, F7 (Flyball, 7LS, EV 81.9 MPH)
|
| Top of the 3rd over - 1 run, 1 hit, 0 errors, 0 left on base; Madison 1 - Palm Beach 0 |
| BOTTOM OF THE 3RD |
|
Palm Beach Nationals batting - Pitching for Madison Brewers : LHP Mike Moffett
|
|
Batting: RHB Dave Burwell
|
0-0: Ball 1-0: Swinging Strike 1-1: Swinging Strike 1-2: Ball 2-2: Strikes out swinging
|
|
Batting: RHB Bobby Bricker
|
0-0: Ball 1-0: Foul Ball, location: 2F 1-1: Ball 2-1: Called Strike 2-2: Strikes out swinging
|
|
Batting: RHB Victor Cintron
|
0-0: Called Strike 0-1: Ball 1-1: Swinging Strike 1-2: Ball 2-2: Strikes out swinging
|
| Bottom of the 3rd over - 0 runs, 0 hits, 0 errors, 0 left on base; Madison 1 - Palm Beach 0 |
| TOP OF THE 4TH |
|
Madison Brewers batting - Pitching for Palm Beach Nationals : RHP Matt Norris
|
|
Batting: RHB Drew Forbess
|
0-0: Called Strike 0-1: Called Strike 0-2: Fly out, F9 (Flyball, 89S, EV 89.4 MPH)
|
|
Batting: SHB C.J. Olivares
|
0-0: Ball 1-0: Ground out 6-3 (Groundball, P, EV 88.8 MPH)
|
|
Batting: SHB Jerry Duffy
|
0-0: Called Strike 0-1: Ball 1-1: Ball 2-1: Ball 3-1: Foul Ball, location: 2F 3-2: Base on Balls
|
|
Batting: RHB Chris Riddel
|
0-0: Ground out 1-3 (Groundball, P, EV 71.2 MPH)
|
| Top of the 4th over - 0 runs, 0 hits, 0 errors, 1 left on base; Madison 1 - Palm Beach 0 |
| BOTTOM OF THE 4TH |
|
Palm Beach Nationals batting - Pitching for Madison Brewers : LHP Mike Moffett
|
|
Batting: RHB Gregg Huddleston
|
0-0: Called Strike 0-1: Ball 1-1: Ball 2-1: Swinging Strike 2-2: Ball 3-2: Foul Ball, location: 2F 3-2: Fly out, F4 (Flyball, 4D, EV 81.9 MPH)
|
|
Batting: RHB Lamar Thornton
|
0-0: Called Strike 0-1: Ball 1-1: Swinging Strike 1-2: Ball 2-2: Strikes out swinging
|
|
Batting: RHB Antonio Vallez
|
0-0: Foul Ball, location: 2F 0-1: Swinging Strike 0-2: Ball 1-2: SINGLE (Line Drive, 9S, EV 86.2 MPH)
|
|
Batting: RHB Scott Merritt
|
0-0: Ball 1-0: Foul Ball, location: 2F 1-1: Called Strike 1-2: Fly out, F7 (Flyball, 7, EV 86.9 MPH)
|
| Bottom of the 4th over - 0 runs, 1 hit, 0 errors, 1 left on base; Madison 1 - Palm Beach 0 |
| TOP OF THE 5TH |
|
Madison Brewers batting - Pitching for Palm Beach Nationals : RHP Matt Norris
|
|
Batting: SHB Ramon Perez
|
0-0: Foul Ball, location: 2F 0-1: Ball 1-1: Ball 2-1: Foul Ball, location: 2F 2-2: Foul Ball, location: 2F 2-2: Strikes out swinging
|
|
Batting: RHB Victor Alarcon
|
0-0: Called Strike 0-1: Ball 1-1: Fly out, F6 (Flyball, 56D, EV 74.4 MPH)
|
|
Batting: SHB Aaron Neill
|
0-0: Foul Ball, location: 2F 0-1: SINGLE (Groundball, 25, EV 69.4 MPH) (infield hit)
|
|
Batting: RHB Justin Marino
|
0-0: Ball Aaron Neill is caught stealing 2nd base 2-4
|
| Top of the 5th over - 0 runs, 1 hit, 0 errors, 0 left on base; Madison 1 - Palm Beach 0 |
| BOTTOM OF THE 5TH |
|
Palm Beach Nationals batting - Pitching for Madison Brewers : LHP Mike Moffett
|
|
Batting: RHB Jelexiz Cuenca
|
0-0: Called Strike 0-1: Ball 1-1: Ball 2-1: Foul Ball, location: 2F 2-2: Foul Ball, location: 2F 2-2: Strikes out looking
|
|
Batting: RHB Jason Ewert
|
0-0: Ground out 5-3 (Groundball, 5, EV 88.1 MPH)
|
|
Batting: RHB Dave Burwell
|
0-0: Ball 1-0: Called Strike 1-1: Called Strike 1-2: Strikes out swinging, 2-3 out at first.
|
| Bottom of the 5th over - 0 runs, 0 hits, 0 errors, 0 left on base; Madison 1 - Palm Beach 0 |
| TOP OF THE 6TH |
|
Madison Brewers batting - Pitching for Palm Beach Nationals : RHP Matt Norris
|
|
Batting: RHB Justin Marino
|
0-0: DOUBLE (Flyball, 78D, EV 93.1 MPH)
|
|
Batting: LHB Rick Campbell
|
0-0: Fly out, F7 (Flyball, 7LS, EV 93.1 MPH)
|
|
Batting: RHB Drew Forbess
|
0-0: Ball 1-0: Swinging Strike 1-1: Ball 2-1: Ball 3-1: Called Strike 3-2: SINGLE (Groundball, 56D, EV 101.9 MPH) Justin Marino to third
|
|
Batting: SHB C.J. Olivares
|
0-0: Ball 1-0: Fly out, F7 (Line Drive, 7, EV 86.9 MPH) Runner from 3rd tags up, SCORES, throw by LF
|
|
Batting: SHB Jerry Duffy
|
0-0: Ball 1-0: Swinging Strike 1-1: Ground out 4-3 (Groundball, 34, EV 79.4 MPH)
|
| Top of the 6th over - 1 run, 2 hits, 0 errors, 1 left on base; Madison 2 - Palm Beach 0 |
| BOTTOM OF THE 6TH |
|
Palm Beach Nationals batting - Pitching for Madison Brewers : LHP Mike Moffett
|
|
Batting: RHB Bobby Bricker
|
0-0: Called Strike 0-1: Ball 1-1: Ball 2-1: Called Strike 2-2: Foul Ball, location: 2F 2-2: Foul Ball, location: 2F 2-2: Ball 3-2: Ground out 6-3 (Groundball, 56, EV 100.6 MPH)
|
|
Batting: RHB Victor Cintron
|
0-0: Ball 1-0: Swinging Strike 1-1: Swinging Strike 1-2: Strikes out swinging
|
|
Batting: RHB Gregg Huddleston
|
0-0: Ground out 5-3 (Groundball, 56, EV 87.5 MPH)
|
| Bottom of the 6th over - 0 runs, 0 hits, 0 errors, 0 left on base; Madison 2 - Palm Beach 0 |
| TOP OF THE 7TH |
|
Madison Brewers batting - Pitching for Palm Beach Nationals : RHP Matt Norris
|
|
Batting: RHB Chris Riddel
|
0-0: Called Strike 0-1: Foul Ball, location: 2F 0-2: Ball 1-2: Foul Ball, location: 2F 1-2: Ball 2-2: Foul Ball, location: 2F 2-2: Ball 3-2: Base on Balls
|
|
Pitching: RHP Kiyonaga Nakamura
|
|
|
Batting: SHB Ramon Perez
|
0-0: Called Strike 0-1: Ball 1-1: Ground out U3 (Groundball, 3S, EV 68.8 MPH) Chris Riddel to second
|
|
Batting: RHB Victor Alarcon
|
0-0: Ball 1-0: Ball 2-0: Foul Ball, location: 2F 2-1: Called Strike 2-2: Ball 3-2: Base on Balls
|
|
Batting: SHB Aaron Neill
|
0-0: Foul Ball, location: 2F 0-1: Ball 1-1: Called Strike 1-2: Fielders Choice at 2nd, 3-6 (Groundball, 3, EV 78.8 MPH) Chris Riddel to third
|
|
Pinch Hitting: LHB Steven Donovan
|
0-0: Ball 1-0: Reached on error, E8 (Flyball, 8LD, EV 103.8 MPH) Chris Riddel scores Aaron Neill to third
|
|
Batting: LHB Rick Campbell
|
0-0: SINGLE (Line Drive, 4D, EV 95.6 MPH) Aaron Neill scores Steven Donovan to third Runner from 3rd tries for Home, SAFE, throw by RF to home
|
|
Batting: RHB Drew Forbess
|
0-0: Ball Rick Campbell steals 2nd base 1-0: Ball 2-0: Called Strike 2-1: Fly out, F6 (Flyball, 6D, EV 86.9 MPH)
|
| Top of the 7th over - 3 runs, 1 hit, 1 error, 1 left on base; Madison 5 - Palm Beach 0 |
| BOTTOM OF THE 7TH |
|
Palm Beach Nationals batting - Pitching for Madison Brewers : LHP Mike Moffett
|
|
Now at SS: Jesus Menjivar
|
|
|
Now in CF: Alfredo Sena
|
|
|
Batting: RHB Lamar Thornton
|
0-0: Ball 1-0: Swinging Strike 1-1: Ball 2-1: Ball 3-1: Foul Ball, location: 2F 3-2: Strikes out swinging
|
|
Batting: RHB Antonio Vallez
|
0-0: Foul Ball, location: 2F 0-1: Ball 1-1: Ball 2-1: Foul Ball, location: 2F 2-2: Strikes out swinging
|
|
Batting: RHB Scott Merritt
|
0-0: Ball 1-0: Ball 2-0: Called Strike 2-1: Ball 3-1: Swinging Strike 3-2: SINGLE (Flyball, 8RS, EV 90.6 MPH)
|
|
Batting: RHB Jelexiz Cuenca
|
Pickoff Throw to First - Out! 1-3
|
| Bottom of the 7th over - 0 runs, 1 hit, 0 errors, 0 left on base; Madison 5 - Palm Beach 0 |
| TOP OF THE 8TH |
|
Madison Brewers batting - Pitching for Palm Beach Nationals : RHP Kiyonaga Nakamura
|
|
Batting: SHB C.J. Olivares
|
0-0: Called Strike 0-1: Ball 1-1: Ground out 5-3 (Groundball, 5, EV 91.9 MPH)
|
|
Batting: SHB Jerry Duffy
|
0-0: Ground out 5-3 (Groundball, 56, EV 86.2 MPH)
|
|
Batting: RHB Chris Riddel
|
0-0: Ground out 4-3 (Groundball, 4M, EV 87.5 MPH)
|
| Top of the 8th over - 0 runs, 0 hits, 0 errors, 0 left on base; Madison 5 - Palm Beach 0 |
| BOTTOM OF THE 8TH |
|
Palm Beach Nationals batting - Pitching for Madison Brewers : LHP Mike Moffett
|
|
Now in RF: Cameron Rattenbury
|
|
|
Batting: RHB Jelexiz Cuenca
|
0-0: Ball 1-0: Fly out, F9 (Flyball, 89XD, EV 90.6 MPH)
|
|
Batting: RHB Jason Ewert
|
0-0: Ground out 6-3 (Groundball, 6, EV 78.1 MPH)
|
|
Batting: RHB Dave Burwell
|
0-0: Called Strike 0-1: Ball 1-1: Ground out 4-3 (Groundball, 4, EV 88.1 MPH)
|
| Bottom of the 8th over - 0 runs, 0 hits, 0 errors, 0 left on base; Madison 5 - Palm Beach 0 |
| TOP OF THE 9TH |
|
Madison Brewers batting - Pitching for Palm Beach Nationals : RHP Kiyonaga Nakamura
|
|
Batting: SHB Ramon Perez
|
0-0: Called Strike 0-1: Ball 1-1: Foul Ball, location: 2F 1-2: Fly out, F7 (Flyball, 78D, EV 108.8 MPH)
|
|
Batting: RHB Victor Alarcon
|
0-0: Ball 1-0: Foul Ball, location: 2F 1-1: SINGLE (Groundball, 6MD, EV 102.5 MPH)
|
|
Batting: RHB Alfredo Sena
|
0-0: Ball 1-0: Ball 2-0: Called Strike Victor Alarcon steals 2nd base 2-1: Called Strike 2-2: Ball 3-2: Fly out, F8 (Flyball, 8RXD, EV 95.0 MPH) Runner from 2nd tags up, SAFE at 3rd, no throw by CF
|
|
Batting: RHB Jesus Menjivar
|
0-0: Ball 1-0: Foul Ball, location: 2F 1-1: Ground out 4-3 (Groundball, 4, EV 104.4 MPH)
|
| Top of the 9th over - 0 runs, 1 hit, 0 errors, 1 left on base; Madison 5 - Palm Beach 0 |
| BOTTOM OF THE 9TH |
|
Palm Beach Nationals batting - Pitching for Madison Brewers : LHP Mike Moffett
|
|
Batting: RHB Bobby Bricker
|
0-0: Ground out 4-3 (Groundball, 4M, EV 91.9 MPH)
|
|
Batting: RHB Victor Cintron
|
0-0: Ball 1-0: Swinging Strike 1-1: Ball 2-1: Foul Ball, location: 2F 2-2: Strikes out swinging
|
|
Batting: RHB Gregg Huddleston
|
0-0: Ball 1-0: Ball 2-0: Ball 3-0: Called Strike 3-1: Called Strike 3-2: Base on Balls
|
|
Pitching: LHP Tony Salazar
|
|
|
Batting: RHB Lamar Thornton
|
0-0: Ground out 4-3 (Groundball, 4, EV 93.1 MPH)
|
| Bottom of the 9th over - 0 runs, 0 hits, 0 errors, 1 left on base; Madison 5 - Palm Beach 0 |
|